 Dungeon Crawl Stone Soup version 0.21-a0-351-g38363bb (webtiles) character file.

365 tidbits the Charmwright (level 6, 6/51 HPs)
             Began as a Gnoll Skald on Oct 9, 2017.
             Quit the game on level 5 of the Dungeon.
             The game lasted 00:06:06 (898 turns).

tidbits the Charmwright (Gnoll Skald)                Turns: 898, Time: 00:06:06

Health: 6/51       AC:  5    Str: 13    XL:     6   Next: 68%
Magic:  8/14       EV: 13    Int: 17    God:
Gold:   209        SH:  0    Dex: 15    Spells: 5/15 levels left

rFire    . . .     SeeInvis .   a - +5 hand axe
rCold    . . .     Gourm    .   (no shield)
rNeg     . . .     Faith    .   B - +0 ring mail
rPois    .         Spirit   .   (no helmet)
rElec    .         Reflect  .   (no cloak)
rCorr    .         Harm     .   (no gloves)
MR       .....                  (no boots)
Stlth    +.........             (no amulet)
HPRegen  0.17/turn              (no ring)
MPRegen  0.14/turn              (no ring)

@: no status effects
A: distributed training, fangs 1, strong nose
a: no special abilities


You were on level 5 of the Dungeon.
You were not hungry.

You visited 1 branch of the dungeon, and saw 5 of its levels.

You collected 209 gold pieces.

Inventory:

Hand Weapons
 a - a +5 hand axe (weapon)
 f - a +0 hand axe
 q - a +0 flail
 w - a +0 hand axe
Missiles
 h - 26 stones (quivered)
 p - 15 arrows
 r - 10 sling bullets
Armour
 b - a +0 leather armour
 k - a +2 chain mail of fire resistance
   (You found it on level 4 of the Dungeon)
 B - a +0 ring mail (worn)
Scrolls
 e - a scroll of fear {unknown}
 g - a scroll of teleportation
 i - 2 scrolls of enchant weapon
 j - a scroll of immolation
Potions
 m - 2 potions of lignification
 t - a potion of invisibility {unknown}
 v - 2 potions of might
Books
 c - a book of Battle

   Spells                             Type                      Level
   a - Infusion                       Charms                       1
   b - Shroud of Golubria             Charms/Translocation         2
   c - Song of Slaying                Charms                       2
   d - Spectral Weapon                Hexes/Charms                 3
   e - Regeneration                   Charms/Necromancy            3
Comestibles
 d - 3 bread rations
 l - a chunk of flesh
 o - a royal jelly


   Skills:
 + Level 5.0 Fighting
 + Level 2.0 Short Blades
 + Level 2.0 Long Blades
 + Level 5.0 Axes
 + Level 2.0 Maces & Flails
 + Level 2.0 Polearms
 + Level 2.0 Staves
 + Level 2.0 Slings
 + Level 2.0 Bows
 + Level 2.0 Crossbows
 + Level 2.0 Throwing
 + Level 3.3 Armour
 + Level 5.0 Dodging
 + Level 2.0 Stealth
 + Level 2.0 Shields
 + Level 2.0 Unarmed Combat
 + Level 5.4 Spellcasting
 + Level 2.0 Conjurations
 + Level 2.0 Hexes
 + Level 6.8 Charms
 + Level 2.0 Summonings
 + Level 2.0 Necromancy
 + Level 2.0 Translocations
 + Level 2.0 Transmutations
 + Level 2.0 Fire Magic
 + Level 2.0 Ice Magic
 + Level 2.0 Air Magic
 + Level 2.0 Earth Magic
 + Level 2.0 Poison Magic
 + Level 2.0 Invocations
 + Level 2.0 Evocations


You had 5 spell levels left.
You knew the following spells:

 Your Spells              Type           Power        Failure   Level  Hunger
g - Shroud of Golubria    Chrm/Tloc      ###.......   7%          2    #......
r - Regeneration          Chrm/Necr      ###.......   13%         3    ##.....
w - Spectral Weapon       Hex/Chrm       ###.....     13%         3    ##.....
y - Song of Slaying       Chrm           ####....     2%          2    #......


Dungeon Overview and Level Annotations

Branches:
Dungeon (5/15)
 Temple: D:4-7

Altars:


Innate Abilities, Weirdness & Mutations

Your experience applies equally to all skills.
You have very sharp teeth.
Your uncanny sense of smell can sniff out nearby items.


Message History

You kill the ice beast!
You have reached level 6!
Your experience leads to an increase in your attributes!
Increase (S)trength, (I)ntelligence, or (D)exterity?
You feel clever. The orc barely misses you. The orc barely misses you.
You hit the orc. You bite the orc, but do no damage.
The orc is severely wounded.
Your spectral weapon hits the orc!
You kill the orc!
You see here a trident.
A quasit comes into view.
The quasit gives a chilling moan.
Found two stone staircases leading down.
A bullfrog comes into view.
The quasit closely misses you. The quasit misses you.
The quasit claws you but does no damage.
The bullfrog moves out of view.
You see here a scroll of identify.
You miss the quasit. The quasit barely misses you.
The quasit closely misses you. The quasit misses you.
Your spectral weapon hits the quasit.
The quasit closely misses you. The quasit misses you.
The quasit barely misses you.
You hit the quasit but do no damage.
The quasit is moderately wounded.
Your spectral weapon hits the quasit!
You kill the quasit!
The bullfrog closely misses your spectral weapon.
You see here a scroll of identify.
As you read the scroll of identify, it crumbles to dust.
v - 2 potions of might The bullfrog hits your spectral weapon.
Your spectral weapon shares its damage with you!
* * * LOW HITPOINT WARNING * * *
You swap places.
The bullfrog hits you but does no damage. x2
You closely miss the bullfrog.
Your spectral weapon closely misses the bullfrog.
The bullfrog hits you but does no damage.
You slash the bullfrog!
The bullfrog is moderately wounded.
Your spectral weapon fades away.
The bullfrog hits you.
* * * LOW HITPOINT WARNING * * *
The bullfrog hits you.
* * * LOW HITPOINT WARNING * * *
You closely miss the bullfrog.
The bullfrog is moderately wounded.
The bullfrog closely misses you.
You hit the bullfrog.
You bite the bullfrog, but do no damage.
The bullfrog is moderately wounded.
The bullfrog barely misses you. x2
You hit the bullfrog.
The bullfrog is severely wounded.
The bullfrog hits you but does no damage. x2
You barely miss the bullfrog. Your bite misses the bullfrog.
The bullfrog is heavily wounded.
The bullfrog hits you.
* * * LOW HITPOINT WARNING * * *
You hit the bullfrog but do no damage. Your bite misses the bullfrog.
The bullfrog is heavily wounded.
The bullfrog hits you.
* * * LOW HITPOINT WARNING * * *
The bullfrog closely misses you.
You slash the bullfrog!
You kill the bullfrog!
Your Fighting skill increases to level 5!
Your Short Blades skill increases to level 2!
Your Long Blades skill increases to level 2!
Your Axes skill increases to level 5!
Your Maces & Flails skill increases to level 2!
Your Polearms skill increases to level 2!
Your Staves skill increases to level 2!
Your Slings skill increases to level 2!
Your Bows skill increases to level 2!
Your Crossbows skill increases to level 2!
Your Throwing skill increases to level 2!
Your Dodging skill increases to level 5!
Your Stealth skill increases to level 2!
Your Shields skill increases to level 2!
Your Unarmed Combat skill increases to level 2!
Your Conjurations skill increases to level 2!
Your Hexes skill increases to level 2!
Your Summonings skill increases to level 2!
Your Necromancy skill increases to level 2!
Your Translocations skill increases to level 2!
Your Transmutations skill increases to level 2!
Your Fire Magic skill increases to level 2!
Your Ice Magic skill increases to level 2!
Your Air Magic skill increases to level 2!
Your Earth Magic skill increases to level 2!
Your Poison Magic skill increases to level 2!
Your Invocations skill increases to level 2!
Your Evocations skill increases to level 2!
You see here a bullfrog corpse.
An orc comes into view. It is wielding a falchion.
The orc moves out of view.
An orc comes into view. It is wielding a trident.
Are you sure you want to abandon this character and quit the game? (Confirm with "yes".)

#.###.......
###......###.# # #
..######......
.##.#####.# #.....#
....|.##.# #.....#
#.##.##.# #.....#
###.......# ##...##
###.........# #.....
.......@.†..#######....#
......#.................
........#....)..........
........................
o.............####......
###..#.....##.# #.....#
#........##.# #.....#
#.##....>##.# #......
##..># #.# #......


You could see an orc (wandering).

Vanquished Creatures
  An ice beast (D:5)
  A bullfrog (D:5)
  2 jellies (D:5)
  A quasit (D:5)
  An orc wizard (D:5)
  A bullfrog skeleton (D:5)
  An adder (D:2)
  An adder zombie (D:5)
  5 orcs (D:5)
  6 bats
  2 giant cockroaches
  7 goblins
  2 hobgoblins
  11 jackals
  A ball python (D:1)
  3 frilled lizards
  5 kobolds
  3 rats
54 creatures vanquished.

Vanquished Creatures (others)
  A spectral weapon (D:5)
1 creature vanquished.

Grand Total: 55 creatures vanquished

Notes
Turn   | Place    | Note
-------+----------+-------------------------------------------
     0 | D:1      | tidbits the Gnoll Skald began the quest for the Orb.
     0 | D:1      | Reached XP level 1. HP: 20/20 MP: 6/6
    79 | D:1      | Reached XP level 2. HP: 26/26 MP: 2/7
   385 | D:2      | Reached XP level 3. HP: 26/31 MP: 6/9
   389 | D:2      | Learned a level 2 spell: Song of Slaying
   392 | D:2      | Learned a level 2 spell: Shroud of Golubria
   458 | D:2      | Reached skill level 5 in Spellcasting
   548 | D:2      | Learned a level 3 spell: Regeneration
   552 | D:2      | Learned a level 3 spell: Spectral Weapon
   681 | D:4      | Reached skill level 1 in Short Blades
   681 | D:4      | Reached skill level 1 in Long Blades
   681 | D:4      | Reached skill level 1 in Maces & Flails
   681 | D:4      | Reached skill level 1 in Polearms
   681 | D:4      | Reached skill level 1 in Staves
   681 | D:4      | Reached skill level 1 in Slings
   681 | D:4      | Reached skill level 1 in Bows
   681 | D:4      | Reached skill level 1 in Crossbows
   681 | D:4      | Reached skill level 1 in Throwing
   681 | D:4      | Reached skill level 1 in Stealth
   681 | D:4      | Reached skill level 1 in Shields
   681 | D:4      | Reached skill level 1 in Unarmed Combat
   681 | D:4      | Reached skill level 1 in Conjurations
   681 | D:4      | Reached skill level 1 in Hexes
   681 | D:4      | Reached skill level 1 in Summonings
   681 | D:4      | Reached skill level 1 in Necromancy
   681 | D:4      | Reached skill level 1 in Translocations
   681 | D:4      | Reached skill level 1 in Transmutations
   681 | D:4      | Reached skill level 1 in Fire Magic
   681 | D:4      | Reached skill level 1 in Ice Magic
   681 | D:4      | Reached skill level 1 in Air Magic
   681 | D:4      | Reached skill level 1 in Earth Magic
   681 | D:4      | Reached skill level 1 in Poison Magic
   681 | D:4      | Reached skill level 1 in Invocations
   681 | D:4      | Reached skill level 1 in Evocations
   722 | D:5      | Entered Level 5 of the Dungeon
   732 | D:5      | Reached XP level 4. HP: 30/38 MP: 7/11
   777 | D:5      | Reached XP level 5. HP: 43/43 MP: 4/12
   840 | D:5      | Reached skill level 3 in Armour
   864 | D:5      | Noticed an ice beast
   875 | D:5      | Killed an ice beast
   875 | D:5      | Reached XP level 6. HP: 19/50 MP: 5/13
   893 | D:5      | HP: 5/50 [bullfrog (4)]
   894 | D:5      | Reached skill level 5 in Fighting
   894 | D:5      | Reached skill level 2 in Short Blades
   894 | D:5      | Reached skill level 2 in Long Blades
   894 | D:5      | Reached skill level 5 in Axes
   894 | D:5      | Reached skill level 2 in Maces & Flails
   894 | D:5      | Reached skill level 2 in Polearms
   894 | D:5      | Reached skill level 2 in Staves
   894 | D:5      | Reached skill level 2 in Slings
   894 | D:5      | Reached skill level 2 in Bows
   894 | D:5      | Reached skill level 2 in Crossbows
   894 | D:5      | Reached skill level 2 in Throwing
   894 | D:5      | Reached skill level 5 in Dodging
   894 | D:5      | Reached skill level 2 in Stealth
   894 | D:5      | Reached skill level 2 in Shields
   894 | D:5      | Reached skill level 2 in Unarmed Combat
   894 | D:5      | Reached skill level 2 in Conjurations
   894 | D:5      | Reached skill level 2 in Hexes
   894 | D:5      | Reached skill level 2 in Summonings
   894 | D:5      | Reached skill level 2 in Necromancy
   894 | D:5      | Reached skill level 2 in Translocations
   894 | D:5      | Reached skill level 2 in Transmutations
   894 | D:5      | Reached skill level 2 in Fire Magic
   894 | D:5      | Reached skill level 2 in Ice Magic
   894 | D:5      | Reached skill level 2 in Air Magic
   894 | D:5      | Reached skill level 2 in Earth Magic
   894 | D:5      | Reached skill level 2 in Poison Magic
   894 | D:5      | Reached skill level 2 in Invocations
   894 | D:5      | Reached skill level 2 in Evocations
   898 | D:5      | Quit the game

Vault maps used:
D:1:      lemuel_arrival_behind_the_door_small, serial_forest,
          infiniplex_forest_diagonal, infiniplex_forest_pool,
          infiniplex_forest_clump_large, infiniplex_forest_lined_room_2,
          infiniplex_forest_side_room, infiniplex_forest_3_way,
          infiniplex_forest_straight_1, infiniplex_forest_zigzag_1,
          serial_bayou_ford_a
D:3:      old_standard_altar, nicolae_overflow_quartered_altars, first_bread,
          nicolae_gozag_zags_fifth_avenue, uniq_ijyb
D:5:      nicolae_ossuary_entry_catacombs

Skill      XL: |  1  2  3  4  5  6 |
---------------+-------------------+-----
Spellcasting   | 5 |  5.4
Short Blades   | 1 2 |  2.0
Long Blades    | 1 2 |  2.0
Maces & Flails | 1 2 |  2.0
Polearms       | 1 2 |  2.0
Staves         | 1 2 |  2.0
Slings         | 1 2 |  2.0
Bows           | 1 2 |  2.0
Crossbows      | 1 2 |  2.0
Throwing       | 1 2 |  2.0
Stealth        | 1 2 |  2.0
Shields        | 1 2 |  2.0
Unarmed Combat | 1 2 |  2.0
Conjurations   | 1 2 |  2.0
Hexes          | 1 2 |  2.0
Summonings     | 1 2 |  2.0
Necromancy     | 1 2 |  2.0
Translocations | 1 2 |  2.0
Transmutations | 1 2 |  2.0
Fire Magic     | 1 2 |  2.0
Ice Magic      | 1 2 |  2.0
Air Magic      | 1 2 |  2.0
Earth Magic    | 1 2 |  2.0
Poison Magic   | 1 2 |  2.0
Invocations    | 1 2 |  2.0
Evocations     | 1 2 |  2.0
Armour         | 3 |  3.3
Fighting       | 5 |  5.0
Axes           | 5 |  5.0
Dodging        | 5 |  5.0
Charms         | |  6.8

Action                   |  1- 3 |  4- 6 || total
-------------------------+-------+-------++-------
Melee: Hand axe          |    88 |    36 ||   124
       Bite              |     4 |     4 ||     8
 Cast: Infusion          |    14 |       ||    14
       Spectral Weapon   |     3 |     4 ||     7
       Regeneration      |       |     1 ||     1
  Use: Scroll            |     9 |     1 ||    10
  Eat: Chunk             |       |     1 ||     1
Armor: Leather armour    |    19 |       ||    19
       Ring mail         |       |    10 ||    10
Dodge: Dodged            |    84 |    26 ||   110

Table legend:
 A = Spawn XP
 B = Non-spawn XP
 C = Spawn XP percentage of total XP
 D = Spawn monster count
 E = Non-spawn monster count
 F = Spawn count percentage of total count
 G = Total turns spent on level
                    A         B        C        D         E        F      G
               +---------+---------+-------+---------+---------+-------+---------
         Total |       0 |     522 |   0.0 |       0 |      54 |   0.0 |   898
               +---------+---------+-------+---------+---------+-------+---------
           D:1 |       0 |      27 |   0.0 |       0 |      18 |   0.0 |   328
           D:2 |       0 |      28 |   0.0 |       0 |      10 |   0.0 |   231
           D:3 |       0 |      16 |   0.0 |       0 |       9 |   0.0 |   107
           D:4 |       0 |       6 |   0.0 |       0 |       3 |   0.0 |    59
           D:5 |       0 |     445 |   0.0 |       0 |      14 |   0.0 |   173
               +---------+---------+-------+---------+---------+-------+---------

Table legend:
 A = Turns spent in this place as a percentage of turns spent in the entire game.
 B = Non-inter-level travel turns spent in this place as a percentage of non-inter-level travel turns spent in the entire game.
 C = Inter-level travel turns spent in this place as a percentage of turns spent in this place.
 D = Turns resting spent in this place as a percentage of non-inter-level travel turns spent in this place.
 E = Turns spent auto-exploring this place as a percentage of non-inter-level travel turns spent in this place.
 F = Non-inter-level travel turns spent in this place divided by the number of levels of this place that you've seen.
                   A       B       C       D       E      F
               +-------+-------+-------+-------+-------+----------------------
         Total | 100.0 | 100.0 |   0.0 |   0.0 |   0.0 | 179.6
       Dungeon | 100.0 | 100.0 |   0.0 |   0.0 |   0.0 | 179.6
               +-------+-------+-------+-------+-------+----------------------

Table legend:
 A = Kills in this place as a percentage of kills in entire the game.
 B = Kills by you in this place as a percentage of kills by you in the entire game.
 C = Kills by friends in this place as a percentage of kills by friends in the entire game.
 D = Other kills in this place as a percentage of other kills in the entire game.
 E = Experience gained in this place as a percentage of experience gained in the entire game.
 F = Experience gained in this place divided by the number of levels of this place that you have seen.
                   A       B       C       D       E      F
               +-------+-------+-------+-------+-------+----------------------
         Total | 100.0 | 100.0 |   N/A |   N/A | 100.0 | 104.4
       Dungeon | 100.0 | 100.0 |   N/A |   N/A | 100.0 | 104.4
               +-------+-------+-------+-------+-------+----------------------

Vault maps used:
D:1:      lemuel_arrival_behind_the_door_small, serial_forest,
          infiniplex_forest_diagonal, infiniplex_forest_pool,
          infiniplex_forest_clump_large, infiniplex_forest_lined_room_2,
          infiniplex_forest_side_room, infiniplex_forest_3_way,
          infiniplex_forest_straight_1, infiniplex_forest_zigzag_1,
          serial_bayou_ford_a
D:3:      old_standard_altar, nicolae_overflow_quartered_altars, first_bread,
          nicolae_gozag_zags_fifth_avenue, uniq_ijyb
D:5:      nicolae_ossuary_entry_catacombs
